 Dungeon Crawl Stone Soup version 0.30-a0-50-gb2d611f6b1 (webtiles) character file.

Game seed: 10598933528730140201

5981 porpoise the Fighter (level 10, 0/83 HPs)
             Began as a Demonspawn Gladiator on Sept 4, 2022.
             Was an Initiate of Yredelemnul.
             Slain by an ancient zyme (3 damage)
             ... on level 1 of the Abyss on Sept 5, 2022.
             The game lasted 00:31:24 (9721 turns).

porpoise the Fighter (Demonspawn Gladiator)         Turns: 9721, Time: 00:31:24

Health: 0/83       AC: 27    Str: 18    XL:     10   Next: 55%
Magic:  14/14      EV:  7    Int: 10    God:    Yredelemnul [......]
Gold:   276        SH:  4    Dex: 15    Spells: 9/9 levels left

rFire   . . .      SeeInvis .      - Unarmed
rCold   + . .      Faith    +    (no shield)
rNeg    . . .      Spirit   .    i - +3 ice dragon scales
rPois   .          Reflect  .    c - +0 helmet
rElec   .          Harm     .    P - +0 cloak
rCorr   .          Rampage  .    (gloves unavailable)
Will    .....                    K - +0 pair of boots
Stlth   ..........               v - amulet of faith
HPRegen 0.00/turn                n - ring of fire
MPRegen 0.14/turn                (no ring)

@: about to teleport, sanguine armoured, sick, constricted
A: claws 3, icemail 1, powered by death 1, sanguine armour 1, condensation
shield
a: Renounce Religion, Recall Undead Harvest


You were on level 1 of the Abyss.
You worshipped Yredelemnul.
Yredelemnul was noncommittal.
You visited 2 branches of the dungeon, and saw 9 of its levels.
You visited the Abyss 1 time.

You collected 480 gold pieces.
You spent 204 gold pieces at shops.

Inventory:

Hand Weapons
 b - a +0 sling of chaos
 w - a +2 trident of venom
 G - a +3 trident of freezing
 R - a +2 scimitar of flaming
Missiles
 d - 2 throwing nets
 e - a javelin
 h - 23 poisoned darts (quivered)
 j - 2 atropa-tipped darts
 l - 2 boomerangs of dispersal
 u - 5 datura-tipped darts
 A - 2 boomerangs
Armour
 c - a +0 helmet (worn)
 i - +3 ice dragon scales (worn)
 B - a +2 robe of resistance
 C - a +3 leather armour of cold resistance
 F - +0 steam dragon scales
 K - a +0 pair of boots (worn)
 P - a +0 cloak (worn)
Magical Staves
 L - a staff of air
 O - a staff of fire
Jewellery
 n - a ring of fire (left claw)
 v - an amulet of faith (around neck)
 M - a ring of fire
Wands
 k - a wand of digging (15)
 q - a wand of mindburst (17)
 x - a wand of polymorph (8)
 H - a wand of roots (3)
 I - a wand of flame (12)
Scrolls
 a - 2 scrolls of identify
 f - 5 scrolls of teleportation
 y - a scroll of blinking
 J - a scroll of brand weapon
 Q - 2 scrolls of immolation {unknown}
 S - a scroll of vulnerability
Potions
 g - 2 potions of heal wounds
 m - 2 potions of curing
 o - a potion of invisibility
 p - a potion of mutation {unknown}
 r - 4 potions of flight
 t - 2 potions of brilliance
 z - a potion of might
 D - a potion of ambrosia {unknown}
 E - a potion of magic {unknown}
 N - 2 potions of cancellation {unknown}


   Skills:
 + Level 9.2 Fighting
 - Level 6.0 Polearms
 - Level 1.7 Throwing
 - Level 5.0 Armour
 - Level 2.6 Dodging
 + Level 8.6 Unarmed Combat
 + Level 5.7 Invocations


You had 9 spell levels left.
You didn't know any spells.
Your spell library contained the following spells:

 Spells                   Type           Power      Damage    Failure   Level
 Slow                     Hex            0%         N/A       80%         1
 Confusing Touch          Hex            0%         N/A       99%         3
 Vampiric Draining        Necr           0%         2d6       99%         3


Dungeon Overview and Level Annotations

Branches:
Dungeon (8/15)             Temple (1/1) D:7
   Lair: D:8-11

Altars:
Ashenzari
Cheibriados
Dithmenos
Fedhas
Gozag
Hepliaklqana
Kikubaaqudgha
Makhleb
Nemelex Xobeh
Okawaru
Sif Muna
Trog
Uskayaw
Wu Jian
Xom
Yredelemnul

Shops:
D:1 :   D:2 (((   D:4 :*([

Annotations:
D:8 Psyche


Innate Abilities, Weirdness & Mutations

You have claws for hands.
A meltable icy envelope protects you from harm. (AC +4)
You regenerate a little health from kills.
When seriously injured, your blood forms armour. (AC +6)
A meltable shield of frost defends you. (SH +4)


Message History

The starspawn tentacle constricts you.
The starspawn tentacle loses its grip on you.
The tentacle pulls you backwards!
A smoke demon comes into view.
A starspawn tentacle segment comes into view.
The smoke demon roars!
The starspawn tentacle grabs you. The starspawn tentacle constricts you.
The tentacle pulls you backwards!
The starspawn tentacle loses its grip on you.
The tentacle pulls you backwards!
You turn to flesh and can move again.
A starspawn tentacle segment comes into view.
As you read the scroll of teleportation, it crumbles to dust.
You feel strangely unstable.
You feel the power of the Abyss delaying your translocation!
The starspawn tentacle closely misses you. x2
The tentacled starspawn closely misses you.
The tentacled starspawn tentacle-slaps you!
A starspawn tentacle segment comes into view.
As you read the scroll of fear, it crumbles to dust.
You assume a fearsome visage.
The apocalypse crab resists with some effort.
The smoke demon looks frightened!
The ancient zyme is unaffected.
The tentacled starspawn is unaffected.
The starspawn tentacle is unaffected. x2
The starspawn tentacle segment is unaffected.
The starspawn tentacle grabs you. The starspawn tentacle constricts you.
The tentacle pulls you backwards!
The starspawn tentacle loses its grip on you.
The tentacle pulls you backwards! The starspawn tentacle grabs you.
The starspawn tentacle constricts you. The tentacled starspawn bites you!!
* * * LOW HITPOINT WARNING * * *
The tentacled starspawn barely misses you.
The ancient zyme hits you but does no damage.
The ancient zyme closely misses you. The starspawn tentacle constricts you.
* * * LOW HITPOINT WARNING * * *
The ancient zyme hits you.
You die...
Your body rises from the dead as a mindless zombie.

..# ##### #.##
#.# .##ยง#######
#
#..#..##.#...#.#
..#.#..#......#
##..#...#.....#
#...#.#.#.#..##
####....#......#
#...#.w#X....#
###...t@w...#...
#..#.x........
#...#.........
#.............
#.##..........
#. ........... #
...........
.....##3####'


You could see a tentacled starspawn (strong), an ancient zyme, an apocalypse
crab, a smoke demon (fleeing) and 2 starspawn tentacles.

Vanquished Creatures
  Erica (D:8)
  A spriggan skeleton (Abyss:1)
  Grinder (D:4)
  A hornet (D:8)
  A wyvern (D:7)
  4 yaks (D:8)
  A steam dragon (D:6)
  Duvessa (D:5)
  2 water moccasins
  An orc warrior (D:7)
  A sky beast (D:7)
  A black bear (D:6)
  3 ogres
  4 centaurs
  A gnoll sergeant (D:5)
  2 bullfrogs
  2 necrophages
  4 scorpions
  12 wights
  Dowan (D:5)
  2 howler monkeys
  A jelly (D:7)
  8 orc priests
  Crazy Yiuf (D:6)
  3 hounds
  A gnoll bouda (D:8)
  Jessica (D:2)
  Terence (D:2)
  3 iguanas
  5 orc wizards
  6 gnolls
  6 adders
  A shadow imp (D:7)
  An ufetubus (D:7)
  2 worms
  2 dart slugs (D:2)
  20 orcs
  6 endoplasms
  6 giant cockroaches
  8 goblins
  7 hobgoblins
  4 jackals (D:1)
  4 quokkas
  10 ball pythons
  3 bats
  4 frilled lizards
  8 kobolds
  5 rats
174 creatures vanquished.

Vanquished Creatures (collateral kills)
  A yak (D:8)
  A kobold brigand (D:8)
  A gnoll (D:8)
  2 orcs
  A hobgoblin (D:4)
  A kobold (D:8)
7 creatures vanquished.

Vanquished Creatures (others)
  A yak zombie (D:8)
  4 gnoll zombies (D:8)
  2 kobold zombies (D:8)
  2 orc zombies (D:8)
  5 fungi
  A plant (D:3)
  3 starspawn tentacles (Abyss:1)
18 creatures vanquished.

Grand Total: 199 creatures vanquished

Notes
Turn   | Place    | Note
-------+----------+-------------------------------------------
     0 | D:1      | porpoise the Demonspawn Gladiator began the quest for the
                  | Orb.
     0 | D:1      | Reached XP level 1. HP: 16/16 MP: 1/1
   373 | D:1      | Gained mutation: When seriously injured, your blood forms
                  | armour. (AC +6) [demonic ancestry]
   373 | D:1      | Reached XP level 2. HP: 23/23 MP: 2/2
   791 | D:1      | Found Doywyma's Vocational Training.
  1114 | D:2      | Gained mutation: You have sharp fingernails. [demonic
                  | ancestry]
  1114 | D:2      | Reached XP level 3. HP: 28/28 MP: 3/3
  1142 | D:2      | Found Zarphil's Weapon Shop.
  1152 | D:2      | Noticed Terence
  1156 | D:2      | Reached skill level 3 in Fighting
  1175 | D:2      | Killed Terence
  1238 | D:2      | Found Zainook's Weapon Emporium.
  1270 | D:2      | Found Doleibywn's Weapon Shoppe.
  1427 | D:2      | Gained mutation: You regenerate a little health from kills.
                  | [demonic ancestry]
  1427 | D:2      | Reached XP level 4. HP: 35/35 MP: 4/4
  1448 | D:2      | Found a faded altar of an unknown god.
  1770 | D:2      | Noticed Jessica
  1779 | D:2      | Killed Jessica
  1780 | D:2      | Reached skill level 1 in Unarmed Combat
  2125 | D:3      | Gained mutation: You have very sharp fingernails. [demonic
                  | ancestry]
  2125 | D:3      | Reached XP level 5. HP: 30/42 MP: 5/5
  2327 | D:3      | Reached skill level 4 in Fighting
  2485 | D:3      | Found a blossoming altar of Fedhas.
  2607 | D:3      | Found an opulent altar of Gozag.
  3119 | D:4      | Gained mutation: A meltable shield of frost defends you.
                  | (SH +4) [demonic ancestry]
  3119 | D:4      | Reached XP level 6. HP: 15/49 MP: 6/6
  3513 | D:4      | Reached skill level 5 in Fighting
  3717 | D:4      | Found Ecver's Armour Boutique.
  3719 | D:4      | Found Bufenum's Antique Weapon Boutique.
  3742 | D:4      | Found Keekhleiz's Assorted Antiques.
  3742 | D:4      | Found Ydif's Book Boutique.
  3795 | D:4      | Bought a scroll labelled DOSTRYIBUOF for 23 gold pieces
  3795 | D:4      | Bought a scroll labelled DOSTRYIBUOF for 23 gold pieces
  3795 | D:4      | Bought a glowing dark potion for 20 gold pieces
  3795 | D:4      | Bought a jewelled gold wand for 92 gold pieces
  3795 | D:4      | Bought a scroll labelled ANLAUR YKYL for 23 gold pieces
  3795 | D:4      | Bought a scroll labelled FOX DU FEELO for 23 gold pieces
  3932 | D:4      | Noticed Grinder
  4038 | D:4      | Killed Grinder
  4039 | D:4      | Reached skill level 6 in Fighting
  4039 | D:4      | Gained mutation: A meltable icy envelope protects you from
                  | harm. (AC +4) [demonic ancestry]
  4039 | D:4      | Reached XP level 7. HP: 40/58 MP: 7/7
  4585 | D:4      | Found a hide-covered altar of Uskayaw.
  4695 | D:5      | Entered Level 5 of the Dungeon
  4961 | D:5      | Reached skill level 5 in Unarmed Combat
  5013 | D:5      | Gained mutation: You have claws for hands. [demonic
                  | ancestry]
  5013 | D:5      | Reached XP level 8. HP: 65/65 MP: 8/8
  5138 | D:5      | Noticed Duvessa
  5147 | D:5      | Noticed Dowan
  5161 | D:5      | Killed Duvessa
  5182 | D:5      | Killed Dowan
  5183 | D:5      | Reached skill level 7 in Fighting
  5758 | D:5      | Reached skill level 1 in Armour
  6383 | D:6      | Reached skill level 5 in Polearms
  6870 | D:6      | Reached XP level 9. HP: 57/72 MP: 9/9
  6930 | D:6      | Found a sparkling altar of Nemelex Xobeh.
  7598 | D:6      | Found a burning altar of Makhleb.
  7598 | D:6      | Noticed a cacodemon
  7678 | D:6      | Found a runed translucent door.
  7679 | D:6      | Noticed Crazy Yiuf
  7687 | D:6      | Killed Crazy Yiuf
  7898 | D:7      | Found a staircase to the Ecumenical Temple.
  7908 | Temple   | Entered the Ecumenical Temple
  8134 | Temple   | Became a worshipper of Yredelemnul the Dark
  8277 | D:7      | Reached * piety under Yredelemnul
  8533 | D:7      | Reached skill level 5 in Armour
  8609 | D:7      | Reached ** piety under Yredelemnul
  8838 | D:8      | Reached skill level 8 in Fighting
  8838 | D:8      | Reached skill level 1 in Invocations
  9100 | D:8      | Reached XP level 10. HP: 70/80 MP: 10/12
  9107 | D:8      | Reached *** piety under Yredelemnul
  9217 | D:8      | Noticed Erica
  9234 | D:8      | Killed Erica
  9235 | D:8      | Reached skill level 5 in Invocations
  9592 | D:8      | Noticed Psyche
  9597 | Abyss:1  | Cast into level 1 of the Abyss (Psyche)
  9644 | Abyss:1  | Reached skill level 9 in Fighting
  9670 | Abyss:1  | Noticed an apocalypse crab
  9694 | Abyss:1  | Noticed a tentacled starspawn
  9716 | Abyss:1  | Noticed a smoke demon
  9721 | Abyss:1  | HP: 3/83 [constriction[a tentacled starspawn] (3)]
  9721 | Abyss:1  | Slain by an ancient zyme

Illustrated notes

Levels and vault maps discovered:
D:1:      mrwooster_arrival_statue_2, layout_loops_corners, serial_forest,
          infiniplex_forest_clump_tiny, infiniplex_forest_end_2,
          infiniplex_forest_clump_diagonal, infiniplex_forest_clump_curved,
          infiniplex_forest_clump_diagonal, infiniplex_forest_clump_long,
          infiniplex_forest_lined_2, corexii_leaking_fountain,
          nicolae_shop_vocational
D:2:      layout_loops_ring, hellmonk_ecumenical_altar_run_dry, serial_shops,
          shop, nicolae_shop_bloodbath_and_beyond, nicolae_diamond_shop,
          uniq_jessica, uniq_terence
D:3:      layout_basic, grunt_gozag_breadcrumbs, fedhas_altar_3
D:4:      kennysheep_spiral_hall, layout_cave_pools,
          mainiacjoe_overflow_concentric_impassable, serial_column_ruins,
          column_ruins_open_medium, column_ruins_grid_3, column_ruins_open_tiny,
          column_ruins_corridor_corner, column_ruins_open_small,
          column_ruins_corridor_plus, column_ruins_grid_1, st_stairs_8,
          minmay_shop_grid_forest, uniq_grinder
D:5:      layout_cave_pods, hangedman_decor_points, uniq_duvessa
D:6:      layout_rooms, makhleb_altar_promises_db,
          mainiacjoe_overflow_six_doors_small, uniq_crazy_yiuf_cottage
D:7:      layout_gridville, minmay_temple_entry_wispy, minmay_chambers_of_fives
D:8:      layout_rooms, serial_shops, nicolae_shop_hallway_stairs, uniq_psyche,
          uniq_erica
Temple:   minmay_temple_curvy_branch
Abyss:1:  base:
D:7

Skill      XL: |  1  2  3  4  5  6  7  8  9 10 |
---------------+-------------------------------+-----
Polearms       | 3 4 5 6 |  6.0
Fighting       | 3 4 6 7 8 9 |  9.2
Unarmed Combat | 1 2 4 5 6 7 8 |  8.6
Armour         | 3 5 |  5.0
Invocations    | 2 5 |  5.7
Throwing       | |  1.7
Dodging        | |  2.6

Action                   |  1- 3 |  4- 6 |  7- 9 | 10-12 || total
-------------------------+-------+-------+-------+-------++-------
Melee: Trident           |   113 |   230 |    23 |       ||   366
       Punch             |       |     3 |    12 |     4 ||    19
       Unarmed           |       |    23 |   302 |    56 ||   381
 Fire: Sling             |       |       |     8 |       ||     8
Throw: Throwing net      |     3 |       |       |       ||     3
       Dart              |       |     2 |    22 |       ||    24
Invok: Dark Bargain      |       |       |       |     1 ||     1
  Use: Potion            |       |     3 |       |       ||     3
       Scroll            |       |       |    17 |     2 ||    19
 Stab: Sleeping          |     2 |       |       |       ||     2
       Held in net/web   |     2 |       |       |       ||     2
Armor: Leather armour    |    11 |       |    58 |       ||    69
       Ring mail         |    18 |    85 |    16 |       ||   119
       Ice dragon scales |       |       |    68 |    71 ||   139
Dodge: Dodged            |    46 |    93 |   171 |    55 ||   365
Block: Other             |       |    15 |    53 |    10 ||    78

Table legend: (Time is in decaauts)
 A = Elapsed time spent in this place.
 B = Non-inter-level travel time spent in this place.
 C = Inter-level travel time spent in this place.
 D = Time resting spent in this place.
 E = Time spent auto-exploring this place.
 F = Levels seen in this place.
 G = Mean time per level.
                   A        B        C        D        E       F      G
               +--------+--------+--------+--------+--------+-----+--------+
         Total |   9841 |   9464 |    377 |   3262 |   4545 |  10 |  984.1 |
       Dungeon |   9470 |   9115 |    355 |   3250 |   4299 |   8 | 1183.8 |
        Temple |    248 |    226 |     22 |      0 |    221 |   1 |  248.0 |
         Abyss |    121 |    121 |      0 |     12 |     25 |   1 |  121.0 |
               +--------+--------+--------+--------+--------+-----+--------+

Top non-repeatable levels by time:
     D:5: 1977 daAuts
     D:4: 1620 daAuts
     D:6: 1112 daAuts
     D:3: 1098 daAuts
     D:1: 1078 daAuts
     D:2: 921 daAuts
     D:8: 858 daAuts
     D:7: 804 daAuts
  Temple: 248 daAuts
 Abyss:1: 121 daAuts
